 Seeded DCSS version 0.29.1-15-g9cfb28693d (webtiles) character file.

Game seed: 10302654159332600743 (custom seed)

13244 bmack86 the Cleaver (level 11, -4/97 HPs)
             Began as a Minotaur Fighter on Mar 1, 2023.
             Was a High Priest of Okawaru.
             Slain by a komodo dragon (18 damage)
             ... on level 1 of the Lair of Beasts.
             The game lasted 00:24:16 (9412 turns).

bmack86 the Cleaver (Minotaur Fighter)              Turns: 9412, Time: 00:24:17

Health: -4/97      AC: 28    Str: 25    XL:     11   Next: 73%
Magic:  14/14      EV:  7    Int:  5    God:    Okawaru [*****.]
Gold:   983        SH:  6    Dex: 14    Spells: 10/10 levels left

rFire   + . .      SeeInvis .   F - +6 broad axe "Stringbean" {protect, rElec rF+ rC+ Will-}
rCold   + . .      Faith    .   c - +0 buckler
rNeg    . . .      Spirit   .   L - +1 plate armour "Jul Ereh" {Will+ Regen+ Dex+4}
rPois   .          Reflect  .   (helmet restricted)
rElec   +          Harm     .   (no cloak)
rCorr   .          Rampage  .   o - +1 pair of gloves
Will    .....                   i - +2 pair of boots
Stlth   ..........              (no amulet)
HPRegen 1.06/turn               y - +4 ring of slaying
MPRegen 0.14/turn               p - +4 ring of slaying

@: under a protective aura, studying Throwing
A: horns 2, retaliatory headbutt
a: Renounce Religion, Heroism, Finesse, Duel


You were on level 1 of the Lair of Beasts.
You worshipped Okawaru.
Okawaru was extremely pleased with you.
You visited 3 branches of the dungeon, and saw 12 of its levels.
You also visited: Bailey.

You collected 983 gold pieces.

Inventory:

Hand Weapons
 a - a +1 vorpal war axe
 B - the +11 hand axe of Qazlal's Anger {protect, Int+4}
   (You found it on level 4 of the Dungeon)

   It grants its wielder temporary protection when it strikes (+7 to AC).
   Int:       It affects your intelligence (+4).
 F - the +6 broad axe "Stringbean" (weapon) {protect, rElec rF+ rC+ Will-}
   (You found it in a bailey)

   It grants its wielder temporary protection when it strikes (+7 to AC).
   rF:        It protects you from fire.
   rC:        It protects you from cold.
   rElec:     It insulates you from electricity.
   Will:      It decreases your willpower.
Missiles
 h - 69 poisoned darts
 t - 10 boomerangs (quivered)
 z - 4 datura-tipped darts
 H - 9 javelins
 I - 3 throwing nets
 M - 6 silver javelins
 O - a silver boomerang
Armour
 c - a +0 buckler (worn)
 i - a +2 pair of boots (worn)
 o - a +1 pair of gloves (worn)
 A - a +0 tower shield
 L - the +1 plate armour "Jul Ereh" (worn) {Will+ Regen+ Dex+4}
   (You took it off an orc warrior on level 8 of the Dungeon)

   Dex:       It affects your dexterity (+4).
   Regen:     It increases your rate of health regeneration.
   Will:      It increases your willpower.
Jewellery
 e - a ring of poison resistance
 p - a +4 ring of slaying (right hand)
 w - a +6 ring of intelligence
 y - a +4 ring of slaying (left hand)
 G - the ring "Seazed" {rPois rN+ Will+ Int+5 Dex-3}
   (You acquired it on level 7 of the Dungeon)

   [ring of willpower]

   Int:       It affects your intelligence (+5).
   Dex:       It affects your dexterity (-3).
   rPois:     It protects you from poison.
   rN:        It protects you from negative energy.
   Will:      It increases your willpower.
 J - the ring "Oceke" {+Blink rF+ rC+ Will+ Int-3}
   (You took it off a gnoll on level 7 of the Dungeon)

   [ring of willpower]

   Int:       It affects your intelligence (-3).
   rF:        It protects you from fire.
   rC:        It protects you from cold.
   +Blink:    It lets you blink.
   Will:      It increases your willpower.
Wands
 f - a wand of mindburst (16)
 s - a wand of paralysis (18)
 u - a wand of flame (52)
 N - a wand of roots (3)
Scrolls
 b - 2 scrolls of identify
 k - 2 scrolls of fog
 m - 5 scrolls of teleportation
 n - 5 scrolls of fear
 q - 3 scrolls of immolation
 D - a scroll of torment
 K - a scroll of amnesia
 P - a scroll of blinking
Potions
 d - 5 potions of might
 g - 4 potions of mutation
 j - 2 potions of magic
 l - 3 potions of heal wounds
 r - a potion of lignification
 v - a potion of berserk rage
 x - 6 potions of curing
 C - a potion of invisibility
 E - a potion of haste


   Skills:
 + Level 9.6 Fighting
 * Level 12.7 Axes
 + Level 8.4 Throwing
 + Level 9.6 Armour
 + Level 9.7 Shields
 + Level 6.6 Invocations


You had 10 spell levels left.
You didn't know any spells.
Your spell library contained the following spells:

 Spells                   Type           Power      Damage    Failure   Level
 Ensorcelled Hibernation  Hex/Ice        0%         N/A       100%        2
 Lesser Beckoning         Tloc           0%         N/A       100%        3
 Ozocubu's Armour         Ice            0%         N/A       100%        3
 Portal Projectile        Hex/Tloc       0%         N/A       100%        3
 Spider Form              Tmut/Pois      0%         N/A       100%        3
 Anguish                  Hex/Necr       0%         N/A       100%        4
 Iskenderun's Mystic Bla  Conj/Tloc      0%         2d3       100%        4
 Freezing Cloud           Conj/Ice/Air   0%         6-21      100%        5
 Metabolic Englaciation   Hex/Ice        0%         N/A       100%        5
 Enfeeble                 Hex            0%         N/A       100%        7
 Polar Vortex             Ice            0%         N/A       100%        9
 Simulacrum               Ice/Necr       Unusable   N/A       N/A         6

Dungeon Overview and Level Annotations

Branches:
Dungeon (10/15)            Temple (1/1) D:6            Lair (1/5) D:9
    Orc (0/2) D:10         Bailey (visited)

Altars:
Ashenzari
Cheibriados
Dithmenos
Elyvilon
Fedhas
Gozag
Hepliaklqana
Kikubaaqudgha
Makhleb
Nemelex Xobeh
Okawaru
Qazlal
Ru
Sif Muna
Trog
Uskayaw
Vehumet
Wu Jian
Xom
Yredelemnul
Zin
The Shining One

Shops:
D:3 ?


Innate Abilities, Weirdness & Mutations

You have a pair of horns on your head.
You reflexively headbutt those who attack you in melee.


Message History

The boulder beetle is moderately wounded.
The boulder beetle bites you but does no damage.
You slash the boulder beetle!
Your headbutt misses the boulder beetle.
The boulder beetle is heavily wounded.
A cane toad comes into view.
The boulder beetle bites you!!
* * * LOW HITPOINT WARNING * * *
You feel much better. You block the boulder beetle's attack.
You slash the boulder beetle!
The boulder beetle is severely wounded.
The boulder beetle bites you but does no damage.
You slice the boulder beetle!!
The boulder beetle is almost dead.
The boulder beetle leaps!
The komodo dragon hisses menacingly.
The komodo dragon bites you but does no damage.
You slash the cane toad!
The cane toad is moderately wounded.
You closely miss the komodo dragon. The komodo dragon bites you!
* * * LOW HITPOINT WARNING * * *
The boulder beetle curls into a ball and begins rolling!
You block the cane toad's attack.
You slice the cane toad!!
You kill the cane toad!
Okawaru accepts your kill. Okawaru grants you throwing weapons!
Something appears at your feet!
You closely miss the komodo dragon. The komodo dragon barely misses you.
You block the komodo dragon's attack.
You barely miss the komodo dragon. You headbutt the komodo dragon.
The komodo dragon is lightly wounded.
The komodo dragon bites you but does no damage.
The boulder beetle barely misses you.
The boulder beetle stops rolling and uncurls.
You slash the komodo dragon! Your headbutt misses the komodo dragon.
The komodo dragon is heavily wounded.
You hit the boulder beetle but do no damage.
The komodo dragon bites you!!
You die...

.. .... # ... ... +.#
...##..#####.##
..............#
.............#
.............# .. ..
.............##
##.##.........°B@(.....#
.....#..........l.....##
.....P.....#.########.#
..........## #.#
..........## #.#
.....P....P# . #.#
..........##. ##.##
.....#....... #P..#
..†..#....# ##.##


You could see a boulder beetle and a komodo dragon.

Vanquished Creatures
  A hydra (Lair:1)
  A two-headed ogre (D:9)
  The ghost of billybob123456 the Fighter, a novice MiMo of Trog (D:8)
  Pikel (D:7)
  The ghost of Fractals the Thaumaturge, a novice DECj (D:7)
  5 cane toads (Lair:1)
  Psyche (D:8)
  Maggie (D:9)
  A kobold demonologist (D:9)
  2 komodo dragons (Lair:1)
  4 trolls
  2 hornets
  Grinder (D:4)
  Sigmund (D:2)
  A wraith (D:10)
  2 wyverns
  4 yaks (Lair:1)
  A basilisk (Lair:1)
  4 vampire mosquitoes (D:10)
  An acid dragon (D:9)
  2 water moccasins
  An ice beast (D:6)
  A sky beast (D:7)
  11 orc warriors
  2 black bears
  2 centaurs
  A phantom (D:5)
  10 kobold brigands
  3 lemures (D:7)
  2 bullfrogs
  5 gnoll sergeants
  6 killer bees (D:8)
  A howler monkey (D:10)
  An electric eel (D:9)
  11 orc priests
  2 gnoll boudas
  A jelly (D:4)
  3 iguanas
  Jessica (D:2)
  Ijyb (D:5)
  6 orc wizards
  Natasha (thrice) (D:2)
  29 gnolls
  8 adders
  A shadow imp (D:7)
  A white imp (D:6)
  3 worms
  2 dart slugs (D:4)
  40 orcs
  7 endoplasms
  3 giant cockroaches
  9 goblins
  7 hobgoblins
  2 quokkas
  6 ball pythons
  3 bats
  4 frilled lizards (D:2)
  27 kobolds
  5 rats
269 creatures vanquished.

Vanquished Creatures (others)
  11 plants
11 creatures vanquished.

Grand Total: 280 creatures vanquished

Notes
Turn   | Place    | Note
-------+----------+-------------------------------------------
     0 | D:1      | bmack86 the Minotaur Fighter began the quest for the Orb.
     0 | D:1      | Reached XP level 1. HP: 19/19 MP: 0/0
   300 | D:1      | Reached XP level 2. HP: 27/27 MP: 1/1
   323 | D:1      | Found a faded altar of an unknown god.
   338 | D:1      | Reached skill level 3 in Axes
   734 | D:2      | Reached XP level 3. HP: 22/33 MP: 2/2
   840 | D:2      | Noticed Natasha
   846 | D:2      | Killed Natasha
   892 | D:2      | Reached XP level 4. HP: 21/40 MP: 3/3
   912 | D:2      | Noticed Sigmund
   922 | D:2      | Killed Sigmund
   923 | D:2      | Reached skill level 4 in Axes
   923 | D:2      | Reached XP level 5. HP: 22/47 MP: 4/4
   941 | D:2      | Noticed Natasha
   946 | D:2      | Killed Natasha
   947 | D:2      | Reached skill level 5 in Axes
  1276 | D:2      | Reached XP level 6. HP: 55/55 MP: 5/5
  1291 | D:2      | Noticed Natasha
  1298 | D:2      | Killed Natasha
  1320 | D:2      | Found a snail-covered altar of Cheibriados.
  1483 | D:2      | Noticed Jessica
  1491 | D:2      | Killed Jessica
  1492 | D:2      | Reached skill level 5 in Armour
  1492 | D:2      | Reached skill level 5 in Shields
  1918 | D:3      | Reached skill level 5 in Fighting
  1946 | D:3      | Found an iron altar of Okawaru.
  1958 | D:3      | Became a worshipper of Warmaster Okawaru
  2179 | D:3      | Found Leseif's Magic Scroll Emporium.
  2304 | D:3      | Found a hazy altar of Hepliaklqana.
  2849 | D:4      | Noticed Grinder
  2862 | D:4      | Killed Grinder
  2863 | D:4      | Reached skill level 6 in Axes
  2863 | D:4      | Reached skill level 1 in Throwing
  2863 | D:4      | Reached skill level 1 in Invocations
  2863 | D:4      | Reached XP level 7. HP: 61/61 MP: 6/6
  3175 | D:4      | Identified the +11 hand axe of Qazlal's Anger {protect,
                  | Int+4}
  3467 | D:5      | Entered Level 5 of the Dungeon
  3467 | D:5      | Noticed Ijyb
  3470 | D:5      | Reached * piety under Okawaru
  3480 | D:5      | Killed Ijyb
  3822 | D:6      | Found a staircase to the Ecumenical Temple.
  3842 | Temple   | Entered the Ecumenical Temple
  4355 | D:6      | Identified the +8 quarterstaff "Qalay" {flame, rN++}
  4513 | D:6      | Reached XP level 8. HP: 70/70 MP: 8/8
  4632 | D:7      | Reached skill level 7 in Axes
  4752 | D:7      | Found a flagged portal.
  4777 | Bailey   | Entered a bailey
  4979 | Bailey   | Reached ** piety under Okawaru
  4982 | Bailey   | Reached skill level 8 in Axes
  4982 | Bailey   | Found a bloodstained altar of Trog.
  4988 | Bailey   | Reached XP level 9. HP: 32/78 MP: 7/10
  5023 | Bailey   | Identified the +6 broad axe "Stringbean" {protect, rElec
                  | rF+ rC+ Will-}
  5376 | D:7      | Identified a scroll of acquirement
  5377 | D:7      | Acquired the ring "Seazed" {rPois rN+ Will+ Int+5 Dex-3}
  5401 | D:7      | Reached *** piety under Okawaru
  5426 | D:7      | Identified the +2 ring mail of Marbles {Contam Dex+5}
  5426 | D:7      | Identified the +1 buckler "Xoso" {+Blink Will+ Int-5 SInv}
  5441 | D:7      | Identified the ring "Oceke" {+Blink rF+ rC+ Will+ Int-3}
  5445 | D:7      | Found a transporter.
  5464 | D:7      | Noticed Fractals's ghost (novice DECj)
  5478 | D:7      | Noticed Pikel
  5482 | D:7      | Found a transporter.
  5487 | D:7      | Killed Pikel
  5487 | D:7      | Received a gift from Okawaru
  5488 | D:7      | Reached skill level 9 in Axes
  5558 | D:7      | Killed Fractals's ghost
  6619 | D:8      | Found a broken altar of Ashenzari.
  6628 | D:8      | Noticed Psyche
  6631 | D:8      | Reached **** piety under Okawaru
  6635 | D:8      | Killed Psyche
  6636 | D:8      | Reached skill level 10 in Axes
  6636 | D:8      | Reached skill level 5 in Throwing
  6636 | D:8      | Reached XP level 10. HP: 76/88 MP: 12/12
  7082 | D:8      | Found a runed translucent gate.
  7082 | D:8      | Found a runed translucent gate.
  7085 | D:8      | Found a runed translucent gate.
  7086 | D:8      | Noticed billybob123456's ghost (novice MiMo)
  7086 | D:8      | Identified the +1 plate armour "Jul Ereh" {Will+ Regen+
                  | Dex+4}
  7321 | D:8      | Killed billybob123456's ghost
  7321 | D:8      | Received a gift from Okawaru
  7322 | D:8      | Reached skill level 5 in Invocations
  7485 | D:9      | Noticed a two-headed ogre
  7493 | D:9      | Killed a two-headed ogre
  7493 | D:9      | Reached ***** piety under Okawaru
  7493 | D:9      | Received a gift from Okawaru
  7494 | D:9      | Reached skill level 11 in Axes
  7504 | D:9      | Noticed Maggie
  7518 | D:9      | Killed Maggie
  7604 | D:9      | Found a staircase to the Lair.
  7637 | D:9      | Noticed an orange demon
  7681 | D:9      | Found a basalt altar of Yredelemnul.
  7762 | D:9      | Reached XP level 11. HP: 85/95 MP: 14/14
  7795 | D:9      | Found a bloodstained altar of Trog.
  7795 | D:9      | Found an ancient bone altar of Kikubaaqudgha.
  7805 | D:9      | Found a burning altar of Makhleb.
  7808 | D:9      | Found a stormy altar of Qazlal.
  7810 | D:9      | Found a sparkling altar of Nemelex Xobeh.
  7964 | D:9      | Found a sacrificial altar of Ru.
  7966 | D:9      | Found a radiant altar of Vehumet.
  8029 | D:10     | Entered Level 10 of the Dungeon
  8081 | D:10     | Received a gift from Okawaru
  8130 | D:10     | Identified the +6 mace "Odyx" {vamp, Int+3 Stlth+}
  8133 | D:10     | Paralysed by a hornet for 2 turns
  8457 | D:10     | Found a staircase to the Orcish Mines.
  8476 | D:10     | Received a gift from Okawaru
  8753 | D:10     | Reached skill level 12 in Axes
  8887 | D:10     | Got the Guidebook on Planar Feathers
  8971 | Lair:1   | Entered Level 1 of the Lair of Beasts
  8976 | Lair:1   | Noticed a six-headed hydra
  8985 | Lair:1   | Killed an 11-headed hydra
  9206 | Lair:1   | Received a gift from Okawaru
  9392 | Lair:1   | Noticed a boulder beetle
  9403 | Lair:1   | HP: 4/97 [boulder beetle (21)]
  9409 | Lair:1   | Received a gift from Okawaru
  9412 | Lair:1   | Slain by a komodo dragon

Illustrated notes

Levels and vault maps discovered:
D:1:      lemuel_arrival_river_ford, layout_rooms,
          hellmonk_ecumenical_altar_arch_garden
D:2:      layout_basic, basic_altar, minmay_tetromino_i4, uniq_natasha,
          uniq_jessica, uniq_sigmund
D:3:      layout_basic, nicolae_hepliaklqana_hippocampus,
          mainiacjoe_overflow_chevrons, serial_shops, shop
D:4:      layout_loops_ring, minmay_fractal_squares_gapless_5, uniq_grinder
D:5:      layout_basic, uniq_blork_the_orc, uniq_ijyb
D:6:      layout_gridville, minmay_temple_entry_statues
D:7:      layout_basic, enter_bailey_2, gammafunk_ghost_gnarly_gnolls,
          minmay_misc_feat_diagonals, uniq_pikel
D:8:      layout_loops_ring, mainiacjoe_overflow_boulevard,
          biasface_ghost_orc_armoury, uniq_psyche
D:9:      layout_cave_pools, chequers_temple_overflow_minitemple,
          nicolae_overflow_squiral, mainiacjoe_overflow_alcove_1,
          lair_entry_dummy, uniq_maggie
D:10:     layout_loops_ring, david_orc_5, kennysheep_nondescript
Temple:   bh_familiar_temple
Lair:1:   layout_regular_city

Skill      XL: |  1  2  3  4  5  6  7  8  9 10 11 |
---------------+----------------------------------+-----
Axes           | 3 4 5 6 8 10 11 12 | 12.7
Fighting       | 4 5 6 7 8 9 |  9.6
Armour         | 4 5 6 7 8 9 |  9.6
Shields        | 4 5 6 7 8 9 |  9.7
Throwing       | 1 2 3 5 6 8 |  8.4
Invocations    | 1 2 3 4 5 6 |  6.6

Action                   |  1- 3 |  4- 6 |  7- 9 | 10-12 || total
-------------------------+-------+-------+-------+-------++-------
Melee: War axe           |    62 |    56 |    14 |       ||   132
       Headbutt          |     9 |    12 |    16 |    43 ||    80
       Hand axe          |       |       |    59 |       ||    59
       Broad axe         |       |       |    83 |   203 ||   286
Throw: Dart              |       |     3 |       |       ||     3
       Boomerang         |       |       |     1 |       ||     1
Invok: Heroism           |       |       |     1 |     1 ||     2
  Use: Scroll            |     2 |     6 |    14 |     3 ||    25
       Potion            |       |     1 |       |     1 ||     2
Armor: Scale mail        |    29 |    31 |    33 |       ||    93
       Chain mail        |       |       |    64 |    35 ||    99
       Plate armour      |       |       |       |   125 ||   125
Dodge: Dodged            |    29 |    31 |    74 |    84 ||   218
Block: Buckler           |     8 |    16 |    51 |    57 ||   132
